Map: Temple gelé

Players

BigBrother

  • Race: Zerg Zerg
  • League: Master

XiaoWangZi - Winner!

  • Race: Terran Terran
  • League: Master

VOD

Have the link to the VOD?

Description

Time

  • Played on: April 11, 2016, 6:53 p.m.
  • Length: 6:08
Show
View Real Time Build Order
Export as new Build Order

BigBrother Zerg 

Build Orders: Hatch First 

Get SALT Encoding   

  12  0:08  Overlord  
  13  0:14  Drone  
  13  0:19  Drone  
  14  0:27  Drone  
  15  0:31  Drone  
  16  0:43  Drone  
  17  0:53  Hatchery  
  16  0:57  Drone  
  16  1:03  Drone  
  18  1:05  Extractor  
  17  1:15  Spawning Pool  
  17  1:18  Drone  
  17  1:32  Drone  
  18  1:40  Drone  
  19  1:56  Drone  
  20  2:03  Zergling x2  
  20  2:04  Queen  
  20  2:05  Queen  
  20  2:07  Metabolic Boost  
  25  2:09  Zergling x2  
  25  2:12  Overlord  
  26  2:21  Drone  
  26  2:22  Drone  
  28  2:31  Drone x2  
  30  2:41  Drone x2  
  32  2:51  Queen  
  34  2:54  Overlord  
  34  2:57  Drone  
  35  3:07  Drone  
  35  3:11  Overlord  
  36  3:14  Drone x2  
  38  3:38  Drone  
  38  3:39  Drone x5  
  44  3:41  Extractor, Lair  
  44  3:42  Extractor  
  44  3:43  Queen  
  44  3:51  Overlord  
  44  3:56  Hatchery  
  43  4:03  Zergling x2  
  43  4:04  Zergling x14  
  49  4:17  Spine Crawler  
  49  4:18  Drone x2  
  50  4:27  Drone  
  50  4:30  Extractor  
  50  4:31  Overlord x2  
  50  4:39  Overlord  
  50  4:40  Drone  
  51  4:46  Spire  
  50  4:58  Drone x3  
  50  4:59  Drone x7  
  60  5:23  Baneling Nest  
  59  5:36  Zergling x6  
  59  5:37  Zergling x12  
  59  5:42  Zergling x6  
Show
View Real Time Build Order
Export as new Build Order

XiaoWangZi Terran - Winner!

Build Orders: Hellion Opening, Reaper Expand 

Get SALT Encoding   

  12  0:01  SCV  
  13  0:13  SCV  
  14  0:19  Supply Depot  
  14  0:25  SCV  
  15  0:35  Refinery  
  15  0:40  SCV  
  16  0:46  Barracks  
  16  0:52  SCV  
  17  1:04  SCV  
  18  1:17  SCV  
  19  1:33  Reaper, Orbital Command  
  20  1:50  Command Center  
  20  1:59  SCV  
  21  2:04  Factory  
  22  2:13  Barracks Reactor  
  22  2:15  SCV  
  22  2:21  Supply Depot  
  22  2:36  SCV  
  23  2:59  Barracks x2, Supply Depot  
  23  3:00  Hellion x2  
  23  3:03  Barracks Tech Lab  
  23  3:04  SCV  
  28  3:09  Orbital Command  
  28  3:21  SCV  
  28  3:23  Hellion  
  31  3:28  Hellion  
  31  3:33  SCV  
  33  3:34  Stimpack  
  33  3:35  Marine  
  33  3:38  SCV  
  35  3:46  Barracks Reactor x2, SCV  
  36  3:50  Hellion  
  36  3:54  Hellion  
  40  3:57  Marine  
  40  4:04  SCV x2  
  42  4:13  Hellion  
  42  4:16  SCV x2  
  46  4:19  Marine  
  46  4:23  Hellion  
  49  4:26  Supply Depot  
  49  4:27  Marine  
  49  4:28  SCV x2  
  52  4:34  Marine x2  
  54  4:39  Supply Depot  
  54  4:48  SCV x2, Marine x3  
  54  4:51  Supply Depot  
  59  4:55  Armory  
  59  5:00  SCV  
  59  5:03  SCV  
  59  5:04  Hellion x2  
  65  5:08  Marine x4  
  65  5:09  Marine  
  65  5:12  SCV  
  71  5:15  Supply Depot, SCV  
  72  5:25  Hellion, Marine  
  72  5:26  Supply Depot, Marine  
  76  5:30  SCV x2  
  76  5:34  Supply Depot  
  78  5:37  Hellion  
  78  5:38  Refinery  
  78  5:41  Marine x2  
  82  5:45  SCV  
  82  5:48  Supply Depot, Marine x2  
  85  5:50  Refinery  
Tags
 
Add a new tag
Caveats
  • Supply blocks, unpowered buildings, or Contaminate may cause inaccurate times.
  • Supply counts are checked every 10 seconds.